 Dungeon Crawl Stone Soup version 0.30-a0-618-gd6c86c23d0 (webtiles) character file.

Game seed: 14811714862897858074

186 funkygono the Firebug (level 5, -2/28 HPs)
             Began as a Gargoyle Fire Elementalist on Jan 9, 2023.
             Slain by an iguana (7 damage)
             ... on level 4 of the Dungeon.
             The game lasted 00:04:00 (3060 turns).

funkygono the Firebug (Gargoyle Fire Elementalist)  Turns: 3060, Time: 00:04:01

Health: -2/28      AC:  8    Str: 11    XL:     5   Next: 65%
Magic:  0/10       EV: 12    Int: 18    God:
Gold:   196        SH:  0    Dex: 10    Spells: 4/10 levels left

rFire   . . .      SeeInvis .    d - +0 whip
rCold   . . .      Faith    .    (no shield)
rNeg    + . .      Spirit   .    a - +0 robe
rPois   ∞          Reflect  .    (no helmet)
rElec   +          Harm     .    g - +1 cloak
rCorr   .          Rampage  .    (no gloves)
Will    .....                    (no boots)
Stlth   ++                       (no amulet)
HPRegen 0.24/turn                (no ring)
MPRegen 0.12/turn                (no ring)

@: no status effects
A: sickness immunity, AC +4, negative energy resistance 1, electricity
resistance, torment resistance 1, petrification resistance
a: no special abilities


You were on level 4 of the Dungeon.
You visited 1 branch of the dungeon, and saw 4 of its levels.

You collected 196 gold pieces.

Inventory:

Hand Weapons
 d - a +0 whip (weapon)
 e - a +0 mace
Armour
 a - a +0 robe (worn)
 g - a +1 cloak (worn)
 s - the +1 ring mail of Dusouqea {Drain +Blink rPois rF-}
   (You found it on level 2 of the Dungeon)

   rF:        It makes you vulnerable to fire.
   rPois:     It protects you from poison.
   +Blink:    It lets you blink.
   Drain:     It drains your maximum health when unequipped.
Jewellery
 o - a ring of ice
Wands
 j - a wand of charming (2)
 q - a wand of polymorph (8)
Scrolls
 c - a scroll of magic mapping {unknown}
 f - a scroll of poison {unknown}
 i - 3 scrolls of identify {unknown}
 l - 4 scrolls of teleportation {unknown}
 n - a scroll of vulnerability {unknown}
 p - 2 scrolls of fear {unknown}
 t - a scroll of enchant weapon {unknown}
Potions
 b - a potion of magic
 h - 2 potions of curing {unknown}
 k - 3 potions of attraction {unknown}
 m - 2 potions of lignification {unknown}
 r - a potion of ambrosia {unknown}


   Skills:
 + Level 0.1 Fighting
 + Level 0.2 Maces & Flails
 + Level 1.8 Dodging
 - Level 2.1 Stealth
 + Level 3.4 Spellcasting
 + Level 2.1 Conjurations
 + Level 4.7 Fire Magic


You had 4 spell levels left.
You knew the following spells:

 Your Spells              Type           Power      Damage    Failure   Level
a - Foxfire               Conj/Fire      60%        2x1d7     3%          1
b - Scorch                Fire           40%        2d7       3%          2
c - Kindle Blastsparks    Fire/Tloc/Air  16%        2d11      24%         3

Your spell library contained the following spells:

 Spells                   Type           Power      Damage    Failure   Level
 Summon Small Mammal      Summ           12%        N/A       16%         1
 Inner Flame              Hex/Fire       11%        N/A       19%         3
 Flame Wave               Conj/Fire      15%        2d7       36%         4
 Call Canine Familiar     Summ           3%         N/A       43%         3
 Summon Guardian Golem    Hex/Summ       3%         N/A       43%         3
 Animate Dead             Necr           3%         N/A       83%         4
 Borgnjor's Vile Clutch   Necr/Erth      1%         N/A       99%         5
 Death Channel            Necr           1%         N/A       100%        6


Dungeon Overview and Level Annotations

Branches:
Dungeon (4/15)
 Temple: D:4-7

Altars:
Kikubaaqudgha

Shops:
D:1 =


Innate Abilities, Weirdness & Mutations

You are immune to sickness and miasma.
Your stone body is resilient. (AC +4)
You are immune to poison.
You resist negative energy. (rN+)
You are resistant to electric shocks. (rElec)
You are resistant to unholy torment.
You are immune to petrification.


Message History

You barely miss the iguana.
The iguana is lightly wounded.
The iguana barely misses you.
You closely miss the iguana.
The iguana is lightly wounded.
The iguana bites you but does no damage.
You barely miss the iguana.
The iguana is lightly wounded.
The iguana closely misses you.
You hit the iguana.
The iguana is heavily wounded.
The iguana bites you. The iguana bites you!
You closely miss the iguana.
The iguana is heavily wounded.
The iguana bites you but does no damage.
Casting: Foxfire (safe; 3% risk of failure)
Confirm with . or Enter, or press ? or * to list all spells.
You conjure some foxfire!
The iguana closely misses you.
You closely miss the iguana.
The iguana is heavily wounded.
The foxfire hits the iguana.
The iguana is heavily wounded.
The foxfire hits the iguana.
The iguana is almost dead.
The iguana barely misses you.
Unknown command.
You closely miss the iguana.
The iguana is almost dead.
The iguana barely misses you.
You hit the iguana but do no damage.
The iguana is severely wounded.
The iguana completely misses you.
You hit the iguana but do no damage.
The iguana is severely wounded.
The iguana bites you!
* * * LOW HITPOINT WARNING * * *
You hit the iguana but do no damage.
The iguana is severely wounded.
The iguana bites you!
You die...

#_# #.# #.###.###
..#≈...≈# #.#≈...≈#
#.#≈...≈# #
#######.#≈...≈#
#####.#.......#≈...≈#
.....†l@......#≈...≈#
###...#.......#≈...≈#
#.# #######)#≈...≈# #
#.###.### #.# #.# #.#
#.# #.###.#### #####
#........# #<.>#
##.#####.#


You could see an iguana.

Vanquished Creatures
  A necrophage (D:4)
  A hound (D:4)
  An iguana (D:4)
  An adder (D:3)
  A dart slug (D:1)
  8 bats
  2 bat zombies (D:4)
  4 endoplasms
  6 goblins
  3 hobgoblins
  6 jackals
  4 kobolds
  3 quokkas (D:2)
  6 ball pythons
  8 rats
  2 rat zombies (D:4)
57 creatures vanquished.

Vanquished Creatures (others)
  170 foxfires
170 creatures vanquished.

Grand Total: 227 creatures vanquished

Notes
Turn   | Place    | Note
-------+----------+-------------------------------------------
     0 | D:1      | funkygono the Gargoyle Fire Elementalist began the quest
                  | for the Orb.
     0 | D:1      | Reached XP level 1. HP: 10/10 MP: 3/3
    87 | D:1      | Found Yjuv Dui's One-of-a-Kind Rings.
   163 | D:1      | Reached XP level 2. HP: 15/15 MP: 1/5
   166 | D:1      | Learned a level 2 spell: Scorch
   991 | D:2      | Reached XP level 3. HP: 19/19 MP: 4/6
   995 | D:2      | Learned a level 3 spell: Kindle Blastsparks
  1432 | D:2      | Identified the +1 ring mail of Dusouqea {Drain +Blink rPois
                  | rF-}
  1472 | D:2      | Reached skill level 4 in Fire Magic
  2256 | D:3      | Reached XP level 4. HP: 24/24 MP: 3/8
  2637 | D:4      | Noticed a necrophage
  2644 | D:4      | Killed a necrophage
  2645 | D:4      | Reached XP level 5. HP: 28/28 MP: 2/9
  2806 | D:4      | Found an ancient bone altar of Kikubaaqudgha.
  3060 | D:4      | Slain by an iguana

Illustrated notes

Levels and vault maps discovered:
D:1:      onia_arrival_mini_spirals, layout_basic, nicolae_shop_unique_rings
D:2:      layout_basic
D:3:      layout_basic, supply_closet_lemuel, kennysheep_generic_room_10
D:4:      layout_loops_cross, lemuel_zombie_altar_kikubaaqudgha

Skill      XL: |  1  2  3  4  5 |
---------------+----------------+-----
Fire Magic     | 4 |  4.7
Spellcasting   | 3 |  3.4
Conjurations   | 2 |  2.1
Fighting       | |  0.1
Maces & Flails | |  0.2
Dodging        | |  1.8
Stealth        | |  2.1

Action                   |  1- 3 |  4- 6 || total
-------------------------+-------+-------++-------
Melee: Whip              |    13 |    28 ||    41
 Cast: Foxfire           |    72 |    24 ||    96
       Scorch            |     3 |     7 ||    10
 Stab: Sleeping          |     1 |       ||     1
Armor: Robe              |    11 |    13 ||    24
Dodge: Dodged            |    17 |    35 ||    52

Table legend: (Time is in decaauts)
 A = Elapsed time spent in this place.
 B = Non-inter-level travel time spent in this place.
 C = Inter-level travel time spent in this place.
 D = Time resting spent in this place.
 E = Time spent auto-exploring this place.
 F = Levels seen in this place.
 G = Mean time per level.
                   A        B        C        D        E       F      G
               +--------+--------+--------+--------+--------+-----+--------+
         Total |   3063 |   2867 |    196 |     56 |   2425 |   4 |  765.8 |
       Dungeon |   3063 |   2867 |    196 |     56 |   2425 |   4 |  765.8 |
               +--------+--------+--------+--------+--------+-----+--------+

Top non-repeatable levels by time:
     D:3: 936 daAuts
     D:1: 911 daAuts
     D:2: 768 daAuts
     D:4: 447 daAuts
